 Dungeon Crawl Stone Soup version 0.27.1 (webtiles) character file.

Game seed: 18139937529925707381

160 a11behringer the Chopper (level 5, -2/46 HPs)
             Began as a Minotaur Fighter on Aug 22, 2021.
             Slain by a gnoll (8 damage)
             ... on level 3 of the Dungeon.
             The game lasted 00:11:47 (1656 turns).

a11behringer the Chopper (Minotaur Fighter)         Turns: 1656, Time: 00:11:48

Health: -2/46      AC: 10    Str: 20    XL:     5   Next: 17%
Magic:  4/4        EV:  5    Int:  5    God:
Gold:   68         SH:  9    Dex: 11    Spells: 4/4 levels left

rFire    . . .     SeeInvis .   a - +0 war axe
rCold    . . .     Faith    .   c - +0 kite shield
rNeg     . . .     Spirit   .   f - +0 chain mail
rPois    .         Reflect  .   (helmet restricted)
rElec    .         Harm     .   (no cloak)
rCorr    .         Rampage  .   (no gloves)
Will     .....                  g - +0 pair of boots
Stlth    ..........             (no amulet)
HPRegen  0.15/turn              (no ring)
MPRegen  0.09/turn              (no ring)

@: mighty
A: horns 2, retaliatory headbutt
a: no special abilities


You were on level 3 of the Dungeon.
You visited 1 branch of the dungeon, and saw 3 of its levels.

You collected 68 gold pieces.

Inventory:

Hand Weapons
 a - a +0 war axe (weapon)
Missiles
 n - 23 bolts
Armour
 b - a +0 scale mail
 c - a +0 kite shield (worn)
 f - a +0 chain mail (worn)
 g - a +0 pair of boots (worn)
Wands
 j - a wand of iceblast (6)
Scrolls
 e - a scroll of fog {unknown}
 i - 2 scrolls of identify {unknown}
 k - a scroll of vulnerability {unknown}
 l - a scroll of brand weapon {unknown}
 m - a scroll of teleportation {unknown}
Potions
 h - a potion of resistance {unknown}


   Skills:
 - Level 3.8 Fighting
 * Level 6.0 Axes
 - Level 4.0 Armour
 + Level 0.1 Stealth
 - Level 4.0 Shields


You had 4 spell levels left.
You didn't know any spells.
Your spell library contained the following spells:

 Spells                   Type           Power      Damage    Failure   Level
 Corpse Rot               Necr/Air       N/A        N/A       100%        2
 Poisonous Vapours        Pois/Air       0%         N/A       100%        2
 Call Canine Familiar     Summ           0%         N/A       100%        3
 Portal Projectile        Hex/Tloc       0%         N/A       100%        3
 Leda's Liquefaction      Hex/Erth       0%         N/A       100%        4
 Freezing Cloud           Conj/Ice/Air   0%         6-21      100%        5


Dungeon Overview and Level Annotations

Branches:
Dungeon (3/15)

Altars:

Shops:
D:2 :


Innate Abilities, Weirdness & Mutations

You have a pair of horns on your head.
You reflexively headbutt those who attack you in melee.


Message History

You kill the goblin!
Your shield prevents you from hitting the gnoll.
The gnoll hits you with a +0 club!
You closely miss the gnoll. You block the gnoll's attack. x2
You slash the gnoll! Your headbutt misses the gnoll.
The gnoll is severely wounded.
The gnoll hits you but does no damage.
You slash the gnoll!
You kill the gnoll!
Natasha claws you.
You slash Natasha! Your headbutt misses Natasha.
Natasha is almost dead.
The gnoll hits you but does no damage.
Natasha mumbles some strange words.
The gnoll hits you from afar with a +0 halberd.
You slice Natasha!!
You kill Natasha!
Natasha yowls pathetically as she dies!
The shadow imp disappears in a puff of smoke!
The gnoll hits you but does no damage. You block the hobgoblin's attack.
You have reached level 5!
You barely miss the hobgoblin. You block the gnoll's attack.
The hobgoblin hits you but does no damage.
You hit the hobgoblin. You headbutt the hobgoblin.
You kill the hobgoblin!
The gnoll hits you from afar with a +0 halberd!
* * * LOW HITPOINT WARNING * * *
The gnoll hits you from afar with a +0 halberd.
* * * LOW HITPOINT WARNING * * *
The goblin hits you but does no damage.
Your Axes skill increases to level 6!
You closely miss the goblin. The gnoll barely misses you.
You block the goblin's attack.
You slash the goblin!
You kill the goblin!
The gnoll hits you from afar with a +0 halberd.
* * * LOW HITPOINT WARNING * * *
The gnoll barely misses you. The gnoll hits you with a +0 halberd!
You die...

#. #.g..... #.
###...gg# #.#
##..>#g..#.# ##.##
###..........# #...#
#...#)####.... #...#
##.###)# #....
#...#####..#..)#
#...
#............g)##.!.
#...###......#@#..#
#...# #.....##)#.#
#<..# #.....##.).#
##### #.....######
#.....# #.....#
#.....#


You could see a gnoll.

Vanquished Creatures
  Natasha (D:3)
  Robin (D:3)
  3 gnolls
  3 adders
  3 dart slugs
  4 bats
  4 endoplasms
  15 goblins
  11 hobgoblins
  2 quokkas (D:1)
  5 ball pythons
  A frilled lizard (D:1)
  5 kobolds
  3 rats
  A bush (D:2)
62 creatures vanquished.

Vanquished Creatures (others)
  A plant (D:3)
1 creature vanquished.

Grand Total: 63 creatures vanquished

Notes
Turn   | Place    | Note
-------+----------+-------------------------------------------
     0 | D:1      | a11behringer the Minotaur Fighter began the quest for the
                  | Orb.
     0 | D:1      | Reached XP level 1. HP: 19/19 MP: 0/0
    43 | D:1      | Reached XP level 2. HP: 15/27 MP: 1/1
   294 | D:1      | Reached skill level 3 in Axes
   506 | D:1      | Reached XP level 3. HP: 28/33 MP: 2/2
   914 | D:2      | Found Moymm's Book Boutique.
   919 | D:2      | Reached skill level 4 in Axes
  1012 | D:2      | Found a faded altar of an unknown god.
  1420 | D:2      | Reached XP level 4. HP: 39/40 MP: 3/3
  1606 | D:3      | Noticed Robin
  1627 | D:3      | Reached skill level 5 in Axes
  1631 | D:3      | Noticed Natasha
  1641 | D:3      | Killed Robin
  1651 | D:3      | Killed Natasha
  1652 | D:3      | Reached XP level 5. HP: 20/46 MP: 4/4
  1654 | D:3      | Reached skill level 6 in Axes
  1656 | D:3      | Slain by a gnoll

Illustrated notes

Levels and vault maps discovered:
D:1:      saegor_arrival_miasma, layout_basic, minmay_misc_feat_square,
          minmay_misc_feat_encased, minmay_unequal
D:2:      layout_loops_ring, serial_forest, infiniplex_forest_straight_3,
          infiniplex_forest_end_1, infiniplex_forest_lined_2,
          infiniplex_forest_end_double, infiniplex_forest_lined_corner,
          infiniplex_forest_clump_diagonal, infiniplex_forest_end_2,
          dreamdust_ecumenical_altar_statues, serial_shops, nicolae_shop_stone
D:3:      layout_rooms, gammafunk_temple_overflow_forgotten,
          jmf_multi_god_temple2, chequers_avenue, lightli_corner_chamber,
          uniq_grinder, uniq_natasha, uniq_robin

Skill      XL: |  1  2  3  4  5 |
---------------+----------------+-----
Armour         | 4 |  4.0
Shields        | 4 |  4.0
Axes           | 3 4 5 6 |  6.0
Fighting       | |  3.8
Stealth        | |  0.1

Action                   |  1- 3 |  4- 6 || total
-------------------------+-------+-------++-------
Melee: War axe           |    90 |    93 ||   183
       Headbutt          |    14 |    29 ||    43
  Use: Potion            |       |     1 ||     1
Armor: Scale mail        |     6 |       ||     6
       Chain mail        |    36 |    40 ||    76
Dodge: Dodged            |    10 |    19 ||    29
Block: Kite shield       |    51 |    31 ||    82
